TOP OF THE 1ST |
Richardson City Thundercats batting - Pitching for Athletic Club KC : LHP Bill Oulton
|
Pitching: LHP Bill Oulton
|
|
Batting: RHB IV Seacat
|
0-0: Ball 1-0: Ground out 6-3 (Groundball, 56)
|
Batting: RHB Louis Gibbons
|
0-0: Called Strike 0-1: Ball 1-1: Ball 2-1: Foul Ball, location: 2F 2-2: Foul Ball, location: 2F 2-2: Foul Ball, location: 2F 2-2: Foul Ball, location: 2F 2-2: DOUBLE (Flyball, 9LD)
|
Batting: RHB Joey Jones
|
0-0: Ground out 4-3 (Groundball, 4) Louis Gibbons to third
|
Batting: RHB Tomás Martínez
|
0-0: SINGLE (Line Drive, 56D) Louis Gibbons scores
|
Batting: SHB Mitch Qualtrough
|
0-0: Called Strike 0-1: Ball 1-1: Called Strike 1-2: Foul Ball, location: 2F 1-2: Ball 2-2: Foul Ball, location: 2F 2-2: Ground out 4-3 (Groundball, 4)
|
Top of the 1st over - 1 run, 2 hits, 0 errors, 1 left on base; Richardson City 1 - Athletic Club KC 0 |
BOTTOM OF THE 1ST |
Athletic Club KC batting - Pitching for Richardson City Thundercats : RHP Alberto Reyes
|
Pitching: RHP Alberto Reyes
|
|
Batting: RHB Pil-joong Pak
|
0-0: Ball 1-0: Called Strike 1-1: Ball 2-1: Ground out 6-3 (Groundball, 6)
|
Batting: RHB Dong-min Cho
|
0-0: Ball 1-0: Called Strike 1-1: Foul Ball, location: 2F 1-2: Ball 2-2: Ball 3-2: Base on Balls
|
Batting: RHB David Edwards
|
0-0: Called Strike 0-1: Swinging Strike 0-2: Fly out, F9 (Flyball, 9S)
|
Batting: SHB Pedro Vázquez
|
0-0: Ball Wild Pitch! Dong-min Cho to second 1-0: Fly out, F9 (Flyball, 89M)
|
Bottom of the 1st over - 0 runs, 0 hits, 0 errors, 1 left on base; Richardson City 1 - Athletic Club KC 0 |
TOP OF THE 2ND |
Richardson City Thundercats batting - Pitching for Athletic Club KC : LHP Bill Oulton
|
Batting: RHB Pedro Castillo
|
0-0: Fly out, F9 (Line Drive, 89M)
|
Batting: RHB Anselmo Berneu
|
0-0: Ball 1-0: Ball 2-0: Ball 3-0: Base on Balls
|
Batting: RHB Junior Pittman
|
0-0: Ball 1-0: Ball 2-0: Called Strike 2-1: Ball 3-1: Base on Balls Anselmo Berneu to second
|
Batting: RHB Javier Rivera
|
0-0: Fielders Choice at 3rd, U5 (Groundball, 5L) Junior Pittman to second
|
Batting: RHB IV Seacat
|
0-0: Ball 1-0: SINGLE (Line Drive, 89S) Junior Pittman to third Javier Rivera to second Runner from 3rd tries for Home, SAFE, no throw
|
Batting: RHB Louis Gibbons
|
0-0: Ball 1-0: Ball 2-0: Foul Ball, location: 2F 2-1: SINGLE (Flyball, 9LS) Javier Rivera to third IV Seacat to second Runner from 3rd tries for Home, SAFE, no throw
|
Batting: RHB Joey Jones
|
0-0: Ball 1-0: Ground out 5-3 (Groundball, 25)
|
Top of the 2nd over - 2 runs, 2 hits, 0 errors, 2 left on base; Richardson City 3 - Athletic Club KC 0 |
BOTTOM OF THE 2ND |
Athletic Club KC batting - Pitching for Richardson City Thundercats : RHP Alberto Reyes
|
Batting: LHB Manuel Domínguez
|
0-0: Called Strike 0-1: Foul Ball, location: 2F 0-2: Foul Ball, location: 2F 0-2: Fly out, F4 (Popup, 4D)
|
Batting: LHB Chris Hill
|
0-0: Called Strike 0-1: Ball 1-1: Foul Ball, location: 2F 1-2: SINGLE (Line Drive, 5D)
|
Batting: SHB Eric Moore
|
0-0: Called Strike 0-1: Swinging Strike 0-2: Ball 1-2: Ball 2-2: Ball 3-2: Base on Balls Chris Hill to second
|
Batting: LHB Matt Herman
|
0-0: Called Strike 0-1: Called Strike 0-2: SINGLE (Flyball, 8RS) Chris Hill to third Eric Moore to second
|
Batting: RHB Todd Blake
|
0-0: Ball 1-0: Called Strike 1-1: Ball 2-1: Foul Ball, location: 2F 2-2: Ball 3-2: Foul Ball, location: 2F 3-2: Grounds into double play, 6-4-3 (Groundball, 6)
|
Bottom of the 2nd over - 0 runs, 2 hits, 0 errors, 2 left on base; Richardson City 3 - Athletic Club KC 0 |
TOP OF THE 3RD |
Richardson City Thundercats batting - Pitching for Athletic Club KC : LHP Bill Oulton
|
Batting: RHB Tomás Martínez
|
0-0: Ball 1-0: Called Strike 1-1: Ball 2-1: Fly out, F3 (Popup, 3S)
|
Batting: SHB Mitch Qualtrough
|
0-0: Called Strike 0-1: Ground out 2-3 (Groundball, 15S)
|
Batting: RHB Pedro Castillo
|
0-0: Called Strike 0-1: SINGLE (Groundball, 4MD)
|
Batting: RHB Anselmo Berneu
|
0-0: Called Strike 0-1: Ball 1-1: Ground out 1-3 (Groundball, P)
|
Top of the 3rd over - 0 runs, 1 hit, 0 errors, 1 left on base; Richardson City 3 - Athletic Club KC 0 |
BOTTOM OF THE 3RD |
Athletic Club KC batting - Pitching for Richardson City Thundercats : RHP Alberto Reyes
|
Batting: RHB Pil-joong Pak
|
0-0: Ball 1-0: Ball 2-0: Called Strike 2-1: Foul Ball, location: 2F 2-2: TRIPLE (Line Drive, 89XD)
|
Batting: RHB Dong-min Cho
|
0-0: Fly out, F8 (Flyball, 8RD) Runner from 3rd tags up, SCORES, throw made
|
Batting: RHB David Edwards
|
0-0: Foul Ball, location: 2F 0-1: Ball 1-1: Ground out 4-3 (Groundball, 4)
|
Batting: SHB Pedro Vázquez
|
0-0: Ball 1-0: Foul Ball, location: 2F 1-1: Fly out, F7 (Flyball, 7D)
|
Bottom of the 3rd over - 1 run, 1 hit, 0 errors, 0 left on base; Richardson City 3 - Athletic Club KC 1 |
TOP OF THE 4TH |
Richardson City Thundercats batting - Pitching for Athletic Club KC : LHP Bill Oulton
|
Batting: RHB Junior Pittman
|
0-0: Called Strike 0-1: Ball 1-1: Foul Ball, location: 2F 1-2: Ball 2-2: Foul Ball, location: 2F 2-2: SINGLE (Flyball, 78S)
|
Batting: RHB Javier Rivera
|
0-0: Ball 1-0: Foul Ball, location: 2F 1-1: Fly out, F9 (Flyball, 9S)
|
Batting: RHB IV Seacat
|
0-0: Ball 1-0: Fly out, F7 (Line Drive, 7LM)
|
Batting: RHB Louis Gibbons
|
0-0: Foul Ball, location: 2F 0-1: Foul Ball, location: 2F 0-2: Ball 1-2: Ball 2-2: Ball 3-2: Ground out 4-3 (Groundball, 4)
|
Top of the 4th over - 0 runs, 1 hit, 0 errors, 1 left on base; Richardson City 3 - Athletic Club KC 1 |
BOTTOM OF THE 4TH |
Athletic Club KC batting - Pitching for Richardson City Thundercats : RHP Alberto Reyes
|
Batting: LHB Manuel Domínguez
|
0-0: Ball 1-0: Fly out, F8 (Flyball, 8RS)
|
Batting: LHB Chris Hill
|
0-0: Ball 1-0: Swinging Strike 1-1: Ground out 6-3 (Groundball, 6S)
|
Batting: SHB Eric Moore
|
0-0: SINGLE (Groundball, 34D)
|
Batting: LHB Matt Herman
|
0-0: Ground out 4-3 (Groundball, 34)
|
Bottom of the 4th over - 0 runs, 1 hit, 0 errors, 1 left on base; Richardson City 3 - Athletic Club KC 1 |
TOP OF THE 5TH |
Richardson City Thundercats batting - Pitching for Athletic Club KC : LHP Bill Oulton
|
Batting: RHB Joey Jones
|
0-0: Called Strike 0-1: Called Strike 0-2: Ball 1-2: Fly out, F4 (Popup, 34)
|
Batting: RHB Tomás Martínez
|
0-0: Ground out 6-3 (Groundball, 6)
|
Batting: SHB Mitch Qualtrough
|
0-0: Called Strike 0-1: Foul Ball, location: 2F 0-2: Ball 1-2: Foul Ball, location: 2F 1-2: Hit by Pitch
|
Batting: RHB Pedro Castillo
|
0-0: Ball 1-0: Fly out, F3 (Popup, 34S)
|
Top of the 5th over - 0 runs, 0 hits, 0 errors, 1 left on base; Richardson City 3 - Athletic Club KC 1 |
BOTTOM OF THE 5TH |
Athletic Club KC batting - Pitching for Richardson City Thundercats : RHP Alberto Reyes
|
Batting: RHB Todd Blake
|
0-0: Ball 1-0: Called Strike 1-1: Called Strike 1-2: Ball 2-2: Foul Ball, location: 2F 2-2: Foul Ball, location: 2F 2-2: Ground out 6-3 (Groundball, 6)
|
Batting: RHB Pil-joong Pak
|
0-0: Ball 1-0: Ball 2-0: Ball 3-0: Called Strike 3-1: Ground out 6-3 (Groundball, 56)
|
Batting: RHB Dong-min Cho
|
0-0: Fly out, F8 (Flyball, 8RD)
|
Bottom of the 5th over - 0 runs, 0 hits, 0 errors, 0 left on base; Richardson City 3 - Athletic Club KC 1 |
TOP OF THE 6TH |
Richardson City Thundercats batting - Pitching for Athletic Club KC : LHP Bill Oulton
|
Batting: RHB Anselmo Berneu
|
0-0: SINGLE (Groundball, 3D)
|
Batting: RHB Junior Pittman
|
0-0: Ball 1-0: Foul Ball, location: 2F 1-1: Ball 2-1: Ball 3-1: Called Strike 3-2: Foul Ball, location: 2F 3-2: Foul Ball, location: 2F 3-2: Foul Ball, location: 2F 3-2: Strikes out looking
|
Batting: RHB Javier Rivera
|
0-0: Foul Ball, location: 2F 0-1: Called Strike 0-2: Ball 1-2: Ball 2-2: Strikes out swinging
|
Batting: RHB IV Seacat
|
0-0: Ball 1-0: Swinging Strike 1-1: Fly out, F7 (Line Drive, 7D)
|
Top of the 6th over - 0 runs, 1 hit, 0 errors, 1 left on base; Richardson City 3 - Athletic Club KC 1 |
BOTTOM OF THE 6TH |
Athletic Club KC batting - Pitching for Richardson City Thundercats : RHP Alberto Reyes
|
Batting: RHB David Edwards
|
0-0: Ball 1-0: Ball 2-0: Ball 3-0: Base on Balls
|
Batting: SHB Pedro Vázquez
|
0-0: Called Strike 0-1: Called Strike 0-2: Strikes out swinging
|
Batting: LHB Manuel Domínguez
|
0-0: Ball 1-0: Foul Ball, location: 2F 1-1: Called Strike 1-2: Ball 2-2: Strikes out looking
|
Batting: LHB Chris Hill
|
0-0: Called Strike 0-1: Called Strike 0-2: Foul Ball, location: 2F 0-2: Fielders Choice at 2nd, 6-4 (Groundball, 6)
|
Bottom of the 6th over - 0 runs, 0 hits, 0 errors, 1 left on base; Richardson City 3 - Athletic Club KC 1 |
TOP OF THE 7TH |
Richardson City Thundercats batting - Pitching for Athletic Club KC : LHP Bill Oulton
|
Batting: RHB Louis Gibbons
|
0-0: Ball 1-0: Ball 2-0: Hit by Pitch
|
Batting: RHB Joey Jones
|
0-0: Grounds into double play, 6-4-3 (Groundball, 6)
|
Batting: RHB Tomás Martínez
|
0-0: Foul Ball, location: 2F 0-1: Foul Ball, location: 2F 0-2: Ball 1-2: Foul Ball, location: 2F 1-2: Foul Ball, location: 2F 1-2: Ball 2-2: Strikes out swinging
|
Top of the 7th over - 0 runs, 0 hits, 0 errors, 0 left on base; Richardson City 3 - Athletic Club KC 1 |
BOTTOM OF THE 7TH |
Athletic Club KC batting - Pitching for Richardson City Thundercats : RHP Alberto Reyes
|
Now in LF: Carroll Martin
|
|
Batting: SHB Eric Moore
|
0-0: Ball 1-0: Fly out, F9 (Flyball, 89M)
|
Batting: LHB Matt Herman
|
0-0: Ball 1-0: Foul Ball, location: 2F 1-1: SOLO HOME RUN (Flyball, 7LD), Distance : 353 ft
|
Batting: RHB Todd Blake
|
0-0: Ball 1-0: Called Strike 1-1: Ground out 1-3 (Groundball, P)
|
Batting: RHB Pil-joong Pak
|
0-0: Ball 1-0: Ground out 1-3 (Groundball, P)
|
Bottom of the 7th over - 1 run, 1 hit, 0 errors, 0 left on base; Richardson City 3 - Athletic Club KC 2 |
TOP OF THE 8TH |
Richardson City Thundercats batting - Pitching for Athletic Club KC : LHP Bill Oulton
|
Batting: SHB Mitch Qualtrough
|
0-0: Foul Ball, location: 2F 0-1: Foul Ball, location: 2F 0-2: Fly out, F7 (Flyball, 7S)
|
Batting: LHB Carroll Martin
|
0-0: Ball 1-0: Swinging Strike 1-1: Ground out 1-3 (Groundball, 13)
|
Batting: RHB Anselmo Berneu
|
0-0: Called Strike 0-1: Called Strike 0-2: Ball 1-2: Foul Ball, location: 2F 1-2: Foul Ball, location: 2F 1-2: Ball 2-2: Strikes out swinging, 2-3 out at first.
|
Top of the 8th over - 0 runs, 0 hits, 0 errors, 0 left on base; Richardson City 3 - Athletic Club KC 2 |
BOTTOM OF THE 8TH |
Athletic Club KC batting - Pitching for Richardson City Thundercats : RHP Alberto Reyes
|
Batting: RHB Dong-min Cho
|
0-0: Ball 1-0: Ground out 2-3 (Groundball, 2L)
|
Batting: RHB David Edwards
|
0-0: Fly out, F5 (Popup, 5SF)
|
Batting: SHB Pedro Vázquez
|
0-0: Ball 1-0: Called Strike 1-1: Ball 2-1: Foul Ball, location: 2F 2-2: Foul Ball, location: 2F 2-2: Ball 3-2: Foul Ball, location: 2F 3-2: Base on Balls
|
Pitching: RHP Héctor Alarcon
|
|
Batting: LHB Manuel Domínguez
|
0-0: Ball 1-0: Ball 2-0: Called Strike 2-1: Called Strike 2-2: Strikes out swinging
|
Bottom of the 8th over - 0 runs, 0 hits, 0 errors, 1 left on base; Richardson City 3 - Athletic Club KC 2 |
TOP OF THE 9TH |
Richardson City Thundercats batting - Pitching for Athletic Club KC : LHP Bill Oulton
|
Batting: RHB Junior Pittman
|
0-0: Foul Ball, location: 2F 0-1: Foul Ball, location: 2F 0-2: Strikes out swinging
|
Batting: RHB Javier Rivera
|
0-0: Ball 1-0: Foul Ball, location: 2F 1-1: Ball 2-1: Foul Ball, location: 2F 2-2: SINGLE (Flyball, 9LS)
|
Pitching: RHP Hi-sang Pak
|
|
Pinch Hitting: LHB Eduardo Álvarez
|
0-0: Called Strike Javier Rivera steals 2nd base 0-1: Ball 1-1: Intentional Walk
|
Batting: RHB Louis Gibbons
|
0-0: Foul Ball, location: 2F 0-1: Foul Ball, location: 2F 0-2: Ball 1-2: Ball 2-2: Fly out, F8 (Line Drive, 8LM)
|
Batting: RHB Joey Jones
|
0-0: Ball 1-0: Called Strike 1-1: Called Strike 1-2: Fly out, F9 (Line Drive, 9)
|
Top of the 9th over - 0 runs, 1 hit, 0 errors, 2 left on base; Richardson City 3 - Athletic Club KC 2 |
BOTTOM OF THE 9TH |
Athletic Club KC batting - Pitching for Richardson City Thundercats : RHP Héctor Alarcon
|
Pitching: LHP Alec Pittman
|
|
Now in CF: Eduardo Álvarez
|
|
Pinch Hitting: RHB Richard Younger
|
0-0: Foul Ball, location: 2F 0-1: Foul Ball, location: 2F 0-2: Ball 1-2: SINGLE (Flyball, 78S)
|
Batting: SHB Eric Moore
|
0-0: Sac Bunt - play at first, batter OUT! 1-4 Richard Younger to second
|
Batting: LHB Matt Herman
|
0-0: Called Strike 0-1: Ball 1-1: Fly out, F8 (Line Drive, 8LXD) Runner from 2nd tags up, SAFE at 3rd, no throw
|
Batting: RHB Todd Blake
|
0-0: Foul Ball, location: 2F 0-1: Foul Ball, location: 2F 0-2: Ball 1-2: Ball 2-2: Foul Ball, location: 2F 2-2: Foul Ball, location: 2F 2-2: Foul Ball, location: 2F 2-2: Foul Ball, location: 2F 2-2: Ball 3-2: Foul Ball, location: 2F 3-2: Strikes out swinging
|
Bottom of the 9th over - 0 runs, 1 hit, 0 errors, 1 left on base; Richardson City 3 - Athletic Club KC 2 |
|